 Dungeon Crawl Stone Soup version 0.20.1-1-g8b1a95d (webtiles) character file.

82 Miyamura the Shield-Bearer (level 4, 0/37 HPs)
             Began as a Formicid Fighter on Dec 19, 2017.
             Succumbed to a kobold's poison
             ... on level 3 of the Dungeon.
             The game lasted 00:04:11 (1706 turns).

Miyamura the Shield-Bearer (Formicid Fighter)       Turns: 1706, Time: 00:04:12

Health: 0/37       AC: 11    Str: 25    XL:     4   Next: 70%
Magic:  4/4        EV:  5    Int:  9    God:
Gold:   79         SH: 10    Dex: 10    Spells: 3/3 levels left

rFire    . . .     SeeInvis +   a - +0 trident
rCold    . . .     Gourm    .   c - +0 shield
rNeg     . . .     Faith    .   h - +0 plate armour (curse)
rPois    .         Spirit   .   (helmet unavailable)
rElec    .         Reflect  .   (no cloak)
rCorr    .         Harm     .   (no gloves)
MR       .....                  (no boots)
Stlth    ..........             (no amulet)
Regen    0.2/turn               (no ring)
MPRegen  0.1/turn               (no ring)

@: mighty, lethally poisoned (0 -> -4), flying (expiring)
A: permanent stasis, dig shafts and tunnels, four strong arms, antennae 3
a: Dig, Shaft Self


You were on level 3 of the Dungeon.
You were not hungry.

You visited 1 branch of the dungeon, and saw 3 of its levels.

You collected 79 gold pieces.

Inventory:

Hand Weapons
 a - a +0 trident (weapon)
Armour
 c - a +0 shield (worn)
 h - a cursed +0 plate armour (worn)
Scrolls
 e - 2 scrolls of identify
 j - 2 scrolls of teleportation
Comestibles
 f - 2 bread rations
 g - 2 royal jellies
 l - 4 fruits


   Skills:
 + Level 4.0 Fighting
 + Level 2.5 Polearms
 + Level 3.7 Armour
 * Level 1.0 Dodging
 + Level 0.3 Stealth
 + Level 4.4 Shields


You had 3 spell levels left.
You didn't know any spells.

Dungeon Overview and Level Annotations

Branches:
Dungeon (3/15)

Altars:
Hepliaklqana


Innate Abilities, Weirdness & Mutations

You cannot be hasted, slowed, berserked, paralysed or teleported.
You can dig through walls and to a lower floor.
Your four strong arms can wield two-handed weapons with a shield.
You have a pair of large antennae on your head. (SInv)


Message History

You feel sick.
You aren't carrying any potions.
As you read the scroll labeled CICSED FEUCUMU, it crumbles to dust.
It is a scroll of identify.
j - 2 scrolls of teleportation
* * * LOW HITPOINT WARNING * * *
You feel sick.
As you read the scroll labeled FOLEIR VIWO, it crumbles to dust.
The creatures around you are filled with an inner flame!
It was a scroll of immolation.
* * * LOW HITPOINT WARNING * * *
You feel sick.
The crimson imp grins evilly.
The crimson imp hits you but does no damage.
* * * LOW HITPOINT WARNING * * *
You feel sick.
The crimson imp hits you but does no damage.
The crimson imp hits you but does no damage.
You are starting to lose your buoyancy.
You die...

###.#..#.# #..#........
.........# ####..#........
.....[...#####.......#......
............##.##..#........
........5...##.##...........
.$.....(#..)......#.........
........###†##..............
......... #5#######.##(#####
..........#@# #.##(# #
..........### ...#.#####
.#####.l..# ....#......
#....# #)...#.##.## #....#
#......##.# #.........##
#........... #...........
#.....>.....


You could see a crimson imp (inner flame).

Vanquished Creatures
  Robin (D:2)
  2 adders (D:3)
  A dart slug (D:1)
  A leopard gecko (D:1)
  2 orcs (D:2)
  3 giant cockroaches
  9 goblins
  9 hobgoblins
  A ball python (D:3)
  6 bats
  3 frilled lizards
  5 kobolds
  3 rats
46 creatures vanquished.

Notes
Turn   | Place    | Note
-------+----------+-------------------------------------------
     0 | D:1      | Miyamura the Formicid Fighter began the quest for the Orb.
     0 | D:1      | Reached XP level 1. HP: 18/18 MP: 1/1
   326 | D:1      | Reached XP level 2. HP: 17/24 MP: 2/2
   557 | D:1      | Reached XP level 3. HP: 28/29 MP: 3/3
  1124 | D:2      | Noticed Robin
  1141 | D:2      | Killed Robin
  1151 | D:2      | Reached XP level 4. HP: 31/37 MP: 4/4
  1449 | D:3      | Found a hazy altar of Hepliaklqana.
  1639 | D:3      | Reached skill level 1 in Dodging
  1704 | D:3      | HP: 1/37 [poisoned by a kobold]
  1706 | D:3      | Succumbed to a kobold's poison

Skill      XL: |  1  2  3  4 |
---------------+-------------+-----
Shields        | 4 |  4.4
Fighting       | 4 |  4.0
Dodging        | 1 |  1.0
Polearms       | |  2.5
Armour         | |  3.7
Stealth        | |  0.3

Action                   |  1- 3 |  4- 6 || total
-------------------------+-------+-------++-------
Melee: Trident           |   114 |    53 ||   167
  Use: Potion            |     3 |     3 ||     6
       Scroll            |       |     2 ||     2
  Eat: Chunk             |     1 |     2 ||     3
Armor: Plate armour      |    64 |    27 ||    91
       Scale mail        |     2 |       ||     2
Dodge: Dodged            |    23 |     6 ||    29
Block: Shield            |    62 |    29 ||    91
